 Dungeon Crawl Stone Soup version 0.27-a0-592-g0306a34022 (webtiles) character file.

Game seed: 7554437194024773257

807 lastplaneout the Cudgeller (level 7, -2/49 HPs)
             Began as a Demonspawn Gladiator on Mar 10, 2021.
             Was a Believer of Ru.
             Killed by nerve-wracking pain
             ... invoked by a shadow imp
              (6 damage)
             ... on level 6 of the Dungeon on Mar 11, 2021.
             The game lasted 00:10:55 (5205 turns).

lastplaneout the Cudgeller (Demonspawn Gladiator)   Turns: 5205, Time: 00:10:56

Health: -2/49      AC: 11    Str: 16    XL:     7   Next: 60%
Magic:  7/7        EV: 12    Int: 10    God:    Ru [**....]
Gold:   293        SH:  5    Dex: 14    Spells: 6/6 levels left

rFire    . . .     SeeInvis +   g - +2 mace (protect)
rCold    . . .     Faith    .   (no shield)
rNeg     . . .     Spirit   .   b - +0 leather armour
rPois    +         Reflect  +   c - +0 helmet
rElec    .         Harm     .   (no cloak)
rCorr    .         Rampage  .   (no gloves)
Will     .....                  (no boots)
Stlth    +.........             i - amulet of reflection
HPRegen  0.16/turn              n - ring of see invisible
MPRegen  0.10/turn              x - ring of poison resistance

@: protection aura
A: powered by pain 1, unskilled 1
a: Renounce Religion


You were on level 6 of the Dungeon.
You worshipped Ru.
Ru was pleased with you.
You visited 1 branch of the dungeon, and saw 6 of its levels.

You collected 293 gold pieces.

Inventory:

Hand Weapons
 g - a +2 mace of protection (weapon)
 m - a +2 vampiric spear
Missiles
 d - 3 throwing nets (quivered)
Armour
 b - a +0 leather armour (worn)
 c - a +0 helmet (worn)
Jewellery
 i - an amulet of reflection (around neck)
 n - a ring of see invisible (right hand)
 x - a ring of poison resistance (left hand)
Wands
 r - a wand of digging (8)
Scrolls
 a - a scroll of vulnerability {unknown}
 f - a scroll of magic mapping {unknown}
 k - a scroll of blinking {unknown}
 q - 2 scrolls of teleportation {unknown}
 s - a scroll of fear {unknown}
 u - 2 scrolls of fog {unknown}
 w - a scroll of enchant weapon {unknown}
Potions
 e - 2 potions of brilliance
 l - 2 potions of curing
 o - a potion of flight
 p - a potion of attraction {unknown}
 t - a potion of might {unknown}
 v - a potion of mutation {unknown}
 z - a potion of lignification {unknown}


   Skills:
 - Level 1.7 Fighting
 + Level 7.6 Maces & Flails
 - Level 1.5 Throwing
 - Level 2.4 Dodging
 - Level 0.3 Shields


You had 6 spell levels left.
You didn't know any spells.
Your spell library was empty.

Dungeon Overview and Level Annotations

Branches:
Dungeon (6/15)
 Temple: D:4-7

Altars:
Makhleb
Ru
Yredelemnul
The Shining One

Shops:
D:4 (*([[


Innate Abilities, Weirdness & Mutations

You sometimes gain a little power by taking damage.
You are somewhat unskilled. (-1 Apt)


Message History

The water moccasin barely misses you.
You hit the water moccasin.
The water moccasin is heavily wounded.
The water moccasin misses you. x2
You sock the water moccasin!
The water moccasin is almost dead.
The water moccasin misses you.
You hit the water moccasin but do no damage.
The water moccasin is almost dead.
The water moccasin barely misses you.
The water moccasin bites you but does no damage.
You sock the water moccasin!
You kill the water moccasin!
You start resting.
An adder skeleton comes into view.
The adder skeleton bites you.
You redirect the adder skeleton's attack!
The adder skeleton barely misses itself.
You catch the helpless adder skeleton completely off-guard!
You thump the adder skeleton!
Your weapon exudes an aura of protection.
The adder skeleton is heavily damaged.
The adder skeleton bites you but does no damage.
You sock the adder skeleton!
You destroy the adder skeleton!
A shadow imp comes into view.
The shadow imp shouts!
The shadow imp gestures at you. Pain shoots through your body!
* * * LOW HITPOINT WARNING * * *
You closely miss the shadow imp. The shadow imp hits you.
* * * LOW HITPOINT WARNING * * *
You focus your inner power and illuminate the shadow imp in retribution!
The shadow imp closely misses you.
You sock the shadow imp!
Your weapon exudes an aura of protection.
The shadow imp is severely wounded.
The shadow imp gestures at you. Pain shoots through your body!
You die...

# . #. ##. #.## #..
... #.# # #.. ##<##.#
#.#### .... . ##
#...#####.# #.#.#
##.....@5.#
....###.#.#####......#
#..#.##.# #.#......
#....##.# .....#.#.
#....##.# #.#......
#.<.....# #.#(.#..
##...#### #.# .###.
#...# #.# .#
#######>..#####.#


You could see a shadow imp (corona).

Vanquished Creatures
  A water moccasin (D:6)
  A sky beast (D:4)
  2 bullfrogs (D:6)
  A scorpion (D:5)
  An orc priest (D:6)
  An orc wizard (D:4)
  3 worker ants
  Robin (D:2)
  3 gnolls (D:3)
  9 adders
  A white imp (D:5)
  4 oozes
  An adder skeleton (D:6)
  4 worms
  6 dart slugs
  3 leopard geckos
  12 orcs
  5 bats
  6 giant cockroaches
  11 hobgoblins
  10 jackals
  4 kobolds
  4 quokkas
  A ball python skeleton (D:4)
  2 frilled lizards
  11 goblins
  A leopard gecko zombie (D:2)
  28 rats
137 creatures vanquished.

Vanquished Creatures (others)
  A gnoll (D:3)
  3 plants (D:1)
4 creatures vanquished.

Grand Total: 141 creatures vanquished

Notes
Turn   | Place    | Note
-------+----------+-------------------------------------------
     0 | D:1      | lastplaneout the Demonspawn Gladiator began the quest for
                  | the Orb.
     0 | D:1      | Reached XP level 1. HP: 16/16 MP: 1/1
    32 | D:1      | Reached skill level 3 in Maces & Flails
    66 | D:1      | Gained mutation: You sometimes gain a little power by
                  | taking damage. [demonic ancestry]
    66 | D:1      | Reached XP level 2. HP: 14/22 MP: 2/2
   668 | D:1      | Reached XP level 3. HP: 27/27 MP: 3/3
   867 | D:1      | Reached skill level 4 in Maces & Flails
  1356 | D:2      | Reached XP level 4. HP: 33/33 MP: 4/4
  1538 | D:2      | Noticed Robin
  1547 | D:2      | Killed Robin
  1777 | D:2      | Found a sacrificial altar of Ru.
  1786 | D:2      | Became a worshipper of Ru the Awakened
  1832 | D:3      | Reached skill level 5 in Maces & Flails
  2143 | D:3      | Reached XP level 5. HP: 34/38 MP: 5/5
  2563 | D:3      | Found a faded altar of an unknown god.
  2803 | D:3      | Gained mutation: You are somewhat unskilled. (-1 Apt) [Ru
                  | sacrifice]
  2803 | D:3      | Reduced skill Fighting to level 1
  2803 | D:3      | Reached * piety under Ru
  2803 | D:3      | Reached ** piety under Ru
  3250 | D:4      | Reached XP level 6. HP: 17/44 MP: 6/6
  3558 | D:4      | Found Talaw's Antique Armour Shoppe.
  3572 | D:4      | Found Qurghel's Armour Shop.
  3908 | D:4      | Found Seomik's Weapon Shoppe.
  3971 | D:4      | Found Leik's Assorted Antiques.
  3972 | D:4      | Noticed a sky beast
  3984 | D:4      | Killed a sky beast
  3985 | D:4      | Reached skill level 6 in Maces & Flails
  4133 | D:4      | Found Xuwaq's Weapon Boutique.
  4198 | D:5      | Entered Level 5 of the Dungeon
  4721 | D:5      | Found a basalt altar of Yredelemnul.
  4723 | D:5      | Noticed a profane servitor
  4749 | D:5      | Reached XP level 7. HP: 49/49 MP: 7/7
  4797 | D:5      | Noticed an angel
  4948 | D:6      | Found a burning altar of Makhleb.
  4972 | D:6      | Reached skill level 7 in Maces & Flails
  5205 | D:6      | Killed from afar by a shadow imp

Illustrated notes

Levels and vault maps discovered:
D:1:      tarquinn_simple_flora_water_d, layout_basic, serial_forest,
          infiniplex_forest_clump_medium, infiniplex_forest_clump_cross,
          infiniplex_forest_clump_small, infiniplex_forest_straight_3,
          infiniplex_forest_clump_long, infiniplex_forest_straight_1,
          infiniplex_forest_clump_double, chequers_serial_rivers_room_a
D:2:      layout_basic, nicolae_ru_path_of_blood, uniq_robin
D:3:      layout_basic, chequers_ecumenical_altar_simple,
          chequers_serial_rivers_large_b, minmay_rat_hole
D:4:      layout_basic, serial_shops, nicolae_shop_waterfront, shop, shop, shop,
          shop, kennysheep_generic_room_5
D:5:      layout_cave_pools, grunt_temple_overflow_holy_war
D:6:      layout_loops_cross, nicolae_overflow_crystal_walls, temple_fountains,
          basic_altar, serial_park_tiny_1, lemuel_statue_altar

Skill      XL: |  1  2  3  4  5  6  7 |
---------------+----------------------+-----
Maces & Flails | 3 4 5 6 7 |  7.6
Fighting       | 1 |  1.7
Throwing       | |  1.5
Dodging        | |  2.4
Shields        | |  0.3

Action                   |  1- 3 |  4- 6 |  7- 9 || total
-------------------------+-------+-------+-------++-------
Melee: Flail             |    40 |       |       ||    40
       Mace              |    88 |   253 |    56 ||   397
Invok: Sacrifice Skill   |       |     1 |       ||     1
  Use: Scroll            |       |       |     4 ||     4
 Stab: Sleeping          |       |     1 |       ||     1
       Distracted        |       |       |     1 ||     1
Armor: Leather armour    |    38 |    76 |    29 ||   143
Dodge: Dodged            |    88 |   128 |    35 ||   251
Block: Other             |    16 |    59 |    10 ||    85

Table legend: (Time is in decaauts)
 A = Elapsed time spent in this place.
 B = Non-inter-level travel time spent in this place.
 C = Inter-level travel time spent in this place.
 D = Time resting spent in this place.
 E = Time spent auto-exploring this place.
 F = Levels seen in this place.
 G = Mean time per level.
                   A        B        C        D        E       F      G
               +--------+--------+--------+--------+--------+-----+--------+
         Total |   5294 |   5152 |    142 |    696 |   3087 |   6 |  882.3 |
       Dungeon |   5294 |   5152 |    142 |    696 |   3087 |   6 |  882.3 |
               +--------+--------+--------+--------+--------+-----+--------+

Top non-repeatable levels by time:
     D:3: 1412 daAuts
     D:1: 1097 daAuts
     D:4: 1032 daAuts
     D:2: 740 daAuts
     D:5: 665 daAuts
     D:6: 345 daAuts
